 Dungeon Crawl Stone Soup version 0.21-a0-405-gf2af9a1 (webtiles) character file.

31 karf the Shield-Bearer (level 3, 0/29 HPs)
             Began as a Formicid Fighter on Nov 1, 2017.
             Slain by an orc
             ... wielding a +0 war axe
              (6 damage)
             ... on level 2 of the Dungeon.
             The game lasted 00:01:55 (1249 turns).

karf the Shield-Bearer (Formicid Fighter)           Turns: 1249, Time: 00:01:55

Health: 0/29       AC:  6    Str: 20    XL:     3   Next: 40%
Magic:  3/3        EV:  8    Int:  7    God:
Gold:   127        SH:  9    Dex: 11    Spells: 2/2 levels left

rFire    . . .     SeeInvis +   a - +0 flail
rCold    . . .     Gourm    .   c - +0 shield
rNeg     . . .     Faith    .   b - +0 scale mail
rPois    .         Spirit   .   (helmet unavailable)
rElec    .         Reflect  .   (no cloak)
rCorr    .         Harm     .   (no gloves)
MR       .....                  (no boots)
Stlth    ..........             (no amulet)
HPRegen  0.09/turn              (no ring)
MPRegen  0.08/turn              (no ring)

@: no status effects
A: permanent stasis, dig shafts and tunnels, four strong arms, antennae 3
a: Dig, Shaft Self


You were on level 2 of the Dungeon.
You were not hungry.

You visited 1 branch of the dungeon, and saw 3 of its levels.

You collected 127 gold pieces.

Inventory:

Hand Weapons
 a - a +0 flail (weapon)
Armour
 b - a +0 scale mail (worn)
 c - a +0 shield (worn)
Scrolls
 e - 4 scrolls of identify {unknown}
 g - a scroll of remove curse {unknown}
 l - a scroll of teleportation {unknown}
 n - a scroll of fog {unknown}
 r - a scroll of blinking {unknown}
Potions
 d - a potion of might
 h - a potion of cancellation {unknown}
 j - 3 potions of curing {unknown}
 k - a potion of agility {unknown}
 m - 2 potions of degeneration {unknown}
 o - a potion of lignification {unknown}
Comestibles
 f - 2 bread rations
 i - 3 meat rations
 p - 3 fruits


   Skills:
 + Level 3.6 Fighting
 + Level 2.3 Maces & Flails
 + Level 3.6 Armour
 * Level 4.3 Shields


You had 2 spell levels left.
You didn't know any spells.

Dungeon Overview and Level Annotations

Branches:
Dungeon (3/15)

Altars:

Annotations:
D:3 Slyspawn's ghost, amateur CeHu


Innate Abilities, Weirdness & Mutations

You cannot be hasted, slowed, berserked, paralysed or teleported.
You can dig through walls and to a lower floor.
Your four strong arms can wield two-handed weapons with a shield.
You have a pair of large antennae on your head. (SInv)


Message History

You block the orc's attack. The orc hits you but does no damage.
The orc hits you with a war axe. The orc hits you but does no damage.
You hit the orc.
The orc is moderately wounded.
You block the orc's attack. The orc hits you but does no damage. x2
The orc hits you with a trident.
You hit the orc.
The orc is heavily wounded.
The orc completely misses you. The orc hits you with a war axe.
The orc hits you but does no damage.
Your shield and scale mail prevent you from hitting the orc.
The orc is heavily wounded.
The orc closely misses you. The orc hits you with a war axe!
The orc closely misses you.
You hit the orc.
The orc is almost dead.
The orc hits you with a hand axe!
* * * LOW HITPOINT WARNING * * *
The orc hits you with a war axe.
You die...

#.####.........###.#
##.#..........#.# #.#
.....#######..#.###.###
##.#########..........#
...........##.#.....#.#
...........##.####..#.#
..########.##.## #..#.# ..#
#.#...###..#.# ..# #..#..o@o..#.#
..# ##.#####o#.##.# ..#
#..######..##.########### .##
#.......................# .#
#..######..#####.######.# .#
##)## ##.#.#####.######.#
.#########..###.##............#.#
........##.#...###<#####.####.#.#
#######.....รท......# #.# #.#.#


You could see 3 orcs.

Vanquished Creatures
  An ooze (D:1)
  A worm (D:2)
  A dart slug (D:1)
  A ball python (D:2)
  3 goblins (D:1)
  4 hobgoblins (D:2)
  A quokka (D:2)
  2 bats (D:2)
  2 kobolds (D:1)
  7 rats
23 creatures vanquished.

Notes
Turn   | Place    | Note
-------+----------+-------------------------------------------
     0 | D:1      | karf the Formicid Fighter began the quest for the Orb.
     0 | D:1      | Reached XP level 1. HP: 18/18 MP: 1/1
    70 | D:1      | Reached skill level 4 in Shields
    70 | D:1      | Reached XP level 2. HP: 9/24 MP: 2/2
   697 | D:2      | Reached XP level 3. HP: 29/29 MP: 3/3
  1233 | D:3      | Noticed Slyspawn's ghost (amateur CeHu)
  1249 | D:2      | Slain by an orc

Vault maps used:
D:1:      dpeg_arrival_stonehenge_8_columns
D:2:      kennysheep_generic_room_2
D:3:      cheibrodos_fertilizer, nicolae_overflow_crystal_walls, uniq_terence

Skill      XL: |  1 |
---------------+----+-----
Shields        | 4 |  4.3
Fighting       | |  3.6
Maces & Flails | |  2.3
Armour         | |  3.6

Action                   || total
-------------------------++-------
Melee: Flail             ||    67
  Eat: Chunk             ||     1
Armor: Scale mail        ||    27
Dodge: Dodged            ||    26
Block: Shield            ||    40

Table legend:
 A = Spawn XP
 B = Non-spawn XP
 C = Spawn XP percentage of total XP
 D = Spawn monster count
 E = Non-spawn monster count
 F = Spawn count percentage of total count
 G = Total turns spent on level
                    A         B        C        D         E        F      G
               +---------+---------+-------+---------+---------+-------+---------
         Total |       0 |      45 |   0.0 |       0 |      23 |   0.0 |  1249
               +---------+---------+-------+---------+---------+-------+---------
           D:1 |       0 |      20 |   0.0 |       0 |       9 |   0.0 |   540
           D:2 |       0 |      25 |   0.0 |       0 |      14 |   0.0 |   702
               +---------+---------+-------+---------+---------+-------+---------
